3AA
BELVEDERE PARK RAWHIDES @ OTTAWA NATIONALS
08/02/2029
 
TOP OF THE 1ST
Belvedere Park Rawhides batting - Pitching for Ottawa Nationals : RHP Leăo Barro
Pitching: RHP Leăo Barro
Batting: RHB Ed Jozwiak 0-0: Ball
1-0: Ball
2-0: Ground out 4-3 (Groundball, 4S)
Batting: SHB Manuel González 0-0: Foul Ball, location: 2F
0-1: Ball
1-1: SINGLE (Line Drive, 89S)
Batting: RHB Jaime Cruz 0-0: Ball
1-0: Foul Ball, location: 2F
1-1: Ball
2-1: Ball
3-1: Fielders Choice at 2nd, 6-4 (Groundball, 6M)
Batting: RHB Juan Chávez 0-0: Ball
1-0: Swinging Strike
1-1: Ball
2-1: Ground out 4-3 (Groundball, 34)
Top of the 1st over - 0 runs, 1 hit, 0 errors, 1 left on base; Belvedere Park 0 - Ottawa 0
BOTTOM OF THE 1ST
Ottawa Nationals batting - Pitching for Belvedere Park Rawhides : RHP John Hottinger
Pitching: RHP John Hottinger
Batting: LHB Ken Stroud 0-0: Called Strike
0-1: TRIPLE (Line Drive, 89XD)
Batting: RHB Tomás Bermúdez 0-0: Ball
1-0: Ground out 6-3 (Groundball, 56)
Ken Stroud scores
Batting: RHB Ron Bernard 0-0: Ground out 6-3 (Groundball, 56)
Batting: LHB José Gómez 0-0: Ball
1-0: Foul Ball, location: 2F
1-1: Foul Ball, location: 2F
1-2: Foul Ball, location: 2F
1-2: Foul Ball, location: 2F
1-2: Fly out, F7 (Flyball, 7LMF)
Bottom of the 1st over - 1 run, 1 hit, 0 errors, 0 left on base; Belvedere Park 0 - Ottawa 1
TOP OF THE 2ND
Belvedere Park Rawhides batting - Pitching for Ottawa Nationals : RHP Leăo Barro
Batting: LHB António Serrano 0-0: Foul Ball, location: 2F
0-1: Swinging Strike
0-2: Fly out, F7 (Flyball, 78M)
Batting: RHB David Martínez 0-0: Ball
1-0: Swinging Strike
1-1: DOUBLE (Line Drive, 5D)
Batting: RHB Jorge Alcantar 0-0: Called Strike
0-1: Ball
1-1: Foul Ball, location: 2F
1-2: Ball
2-2: Ball
3-2: Foul Ball, location: 2F
3-2: Foul Ball, location: 2F
3-2: Foul Ball, location: 2F
3-2: Fly out, F5 (Popup, 56)
Batting: RHB Harry Gibson 0-0: Called Strike
0-1: Ball
1-1: Called Strike
1-2: Ball
2-2: Foul Ball, location: 2F
2-2: Ball
3-2: Base on Balls
Batting: RHB José Luque 0-0: Ball
1-0: Foul Ball, location: 2F
1-1: Ball
2-1: Foul Ball, location: 2F
2-2: Foul Ball, location: 2F
2-2: Foul Ball, location: 2F
2-2: Foul Ball, location: 2F
2-2: SINGLE (Groundball, 34D)
David Martínez to third
Harry Gibson to second
Runner from 3rd tries for Home, SAFE, no throw
Batting: RHB Ed Jozwiak 0-0: Ball
1-0: Ground out 4-3 (Groundball, 4)
Top of the 2nd over - 1 run, 2 hits, 0 errors, 2 left on base; Belvedere Park 1 - Ottawa 1
BOTTOM OF THE 2ND
Ottawa Nationals batting - Pitching for Belvedere Park Rawhides : RHP John Hottinger
Batting: RHB Mike Jennings 0-0: Swinging Strike
0-1: Called Strike
0-2: Ball
1-2: Ground out 5-3 (Groundball, 56)
Batting: RHB Juan Román 0-0: Ball
1-0: Ball
2-0: Ball
3-0: Called Strike
3-1: Foul Ball, location: 2F
3-2: Base on Balls
Batting: LHB Jesús Mancía 0-0: Swinging Strike
0-1: Ball
1-1: Swinging Strike
1-2: Foul Ball, location: 2F
1-2: Ball
2-2: Ball
3-2: Foul Ball, location: 2F
3-2: Grounds into double play, 5-4-3 (Groundball, 56)
Bottom of the 2nd over - 0 runs, 0 hits, 0 errors, 0 left on base; Belvedere Park 1 - Ottawa 1
TOP OF THE 3RD
Belvedere Park Rawhides batting - Pitching for Ottawa Nationals : RHP Leăo Barro
Batting: SHB Manuel González 0-0: Ball
1-0: Ball
2-0: Ball
3-0: Called Strike
3-1: Foul Ball, location: 2F
3-2: Strikes out swinging
Pitching: RHP Nelson Cuevas
Batting: RHB Jaime Cruz 0-0: Ground out U3 (Groundball, 34)
Batting: RHB Juan Chávez 0-0: DOUBLE (Flyball, 89D) - OUT at third base trying to stretch hit.
Top of the 3rd over - 0 runs, 1 hit, 0 errors, 0 left on base; Belvedere Park 1 - Ottawa 1
BOTTOM OF THE 3RD
Ottawa Nationals batting - Pitching for Belvedere Park Rawhides : RHP John Hottinger
Batting: SHB Tristan Shanks 0-0: Ball
1-0: Foul Ball, location: 2F
1-1: Ball
2-1: Foul Ball, location: 2F
2-2: Ball
3-2: Foul Ball, location: 2F
3-2: Ground out U3 (Groundball, 3)
Batting: RHB Miguel González 0-0: Called Strike
0-1: Ball
1-1: Ground out 6-3 (Groundball, 56)
Batting: LHB Ken Stroud 0-0: Ball
1-0: Foul Ball, location: 2F
1-1: Ground out 6-3 (Groundball, 6)
Bottom of the 3rd over - 0 runs, 0 hits, 0 errors, 0 left on base; Belvedere Park 1 - Ottawa 1
TOP OF THE 4TH
Belvedere Park Rawhides batting - Pitching for Ottawa Nationals : RHP Nelson Cuevas
Batting: LHB António Serrano 0-0: SINGLE (Groundball, 6M) (infield hit)
Batting: RHB David Martínez 0-0: Ball
1-0: Ball
2-0: Called Strike
2-1: Ball
3-1: Called Strike
3-2: 2-RUN HOME RUN (Flyball, 78XD), Distance : 412 ft
Batting: RHB Jorge Alcantar 0-0: Called Strike
0-1: Ball
1-1: Foul Ball, location: 2F
1-2: Ball
2-2: Fly out, F7 (Flyball, 7S)
Batting: RHB Harry Gibson 0-0: SINGLE (Flyball, 7LM)
Batting: RHB José Luque 0-0: Ball
Harry Gibson steals 2nd base
1-0: Ball
Harry Gibson steals 3rd base
2-0: Foul Ball, location: 2F
2-1: Ball
3-1: Base on Balls
Batting: RHB Ed Jozwiak 0-0: Ball
1-0: Fly out, F8 (Flyball, 8RM)
Runner from 3rd tags up, SCORES, throw made
Batting: SHB Manuel González 0-0: Swinging Strike
José Luque is caught stealing 2nd base
Top of the 4th over - 3 runs, 3 hits, 0 errors, 0 left on base; Belvedere Park 4 - Ottawa 1
BOTTOM OF THE 4TH
Ottawa Nationals batting - Pitching for Belvedere Park Rawhides : RHP John Hottinger
Batting: RHB Tomás Bermúdez 0-0: Called Strike
0-1: Ball
1-1: Ball
2-1: Called Strike
2-2: Ground out 4-3 (Groundball, 4)
Batting: RHB Ron Bernard 0-0: Ball
1-0: Called Strike
1-1: Swinging Strike
1-2: Ball
2-2: SINGLE (Flyball, 9LS)
Batting: LHB José Gómez 0-0: Ball
1-0: Called Strike
1-1: Ball
2-1: Fly out, F8 (Flyball, 8LM)
Batting: RHB Mike Jennings 0-0: Ball
1-0: Called Strike
1-1: Fly out, F8 (Line Drive, 8RD)
Bottom of the 4th over - 0 runs, 1 hit, 0 errors, 1 left on base; Belvedere Park 4 - Ottawa 1
TOP OF THE 5TH
Belvedere Park Rawhides batting - Pitching for Ottawa Nationals : RHP Nelson Cuevas
Batting: SHB Manuel González 0-0: Ball
1-0: Ball
2-0: Foul Ball, location: 2F
2-1: Called Strike
2-2: Ball
3-2: Base on Balls
Batting: RHB Jaime Cruz 0-0: Ball
1-0: Called Strike
1-1: Fielders Choice at 2nd, 5-4 (Groundball, 56)
Batting: RHB Juan Chávez 0-0: Ball
1-0: Called Strike
Jaime Cruz steals 2nd base
1-1: Ball
2-1: Ball
3-1: Swinging Strike
3-2: Fly out, F7 (Flyball, 7LM)
Batting: LHB António Serrano 0-0: Ground out 6-3 (Groundball, 6)
Top of the 5th over - 0 runs, 0 hits, 0 errors, 1 left on base; Belvedere Park 4 - Ottawa 1
BOTTOM OF THE 5TH
Ottawa Nationals batting - Pitching for Belvedere Park Rawhides : RHP John Hottinger
Batting: RHB Juan Román 0-0: Ball
1-0: Ground out 3-1 (Groundball, 34S)
Batting: LHB Jesús Mancía 0-0: Ball
1-0: Called Strike
1-1: Ball
2-1: Ball
3-1: Foul Ball, location: 2F
3-2: Fly out, F8 (Flyball, 8LM)
Batting: SHB Tristan Shanks 0-0: Reached on error, E6 (Popup, 6)
Batting: RHB Miguel González 0-0: Fly out, F6 (Popup, 6M)
Bottom of the 5th over - 0 runs, 0 hits, 1 error, 1 left on base; Belvedere Park 4 - Ottawa 1
TOP OF THE 6TH
Belvedere Park Rawhides batting - Pitching for Ottawa Nationals : RHP Nelson Cuevas
Pitching: RHP Jesús Garces
Batting: RHB David Martínez 0-0: Foul Ball, location: 2F
0-1: Foul Ball, location: 2F
0-2: Ball
1-2: Foul Ball, location: 2F
1-2: Ball
2-2: Foul Ball, location: 2F
2-2: Strikes out looking
Batting: RHB Jorge Alcantar 0-0: Swinging Strike
0-1: Ball
1-1: Foul Ball, location: 2F
1-2: Strikes out swinging
Batting: RHB Harry Gibson 0-0: Ball
1-0: Ball
2-0: Called Strike
2-1: Called Strike
2-2: Fly out, F8 (Flyball, 89S)
Top of the 6th over - 0 runs, 0 hits, 0 errors, 0 left on base; Belvedere Park 4 - Ottawa 1
BOTTOM OF THE 6TH
Ottawa Nationals batting - Pitching for Belvedere Park Rawhides : RHP John Hottinger
Batting: LHB Ken Stroud 0-0: Ball
1-0: Ball
2-0: Ball
3-0: Called Strike
3-1: Base on Balls
Batting: RHB Tomás Bermúdez 0-0: Ball
1-0: Ball
2-0: Foul Ball, location: 2F
2-1: Ball
3-1: Foul Ball, location: 2F
3-2: Foul Ball, location: 2F
3-2: Ground out 6-3 (Groundball, 6)
Ken Stroud to second
Batting: RHB Ron Bernard 0-0: Called Strike
0-1: Ball
1-1: Swinging Strike
1-2: Strikes out looking
Batting: LHB José Gómez 0-0: Ball
1-0: Called Strike
1-1: Foul Ball, location: 2F
1-2: SINGLE (Groundball, 34D)
Ken Stroud to third
Runner from 3rd tries for Home, SAFE, no throw
Batting: RHB Mike Jennings 0-0: Called Strike
0-1: Ball
1-1: Called Strike
1-2: Ball
2-2: DOUBLE (Line Drive, 9LS)
José Gómez to third
Pitching: LHP Claudio Avelardo
Batting: RHB Juan Román 0-0: Ground out 4-3 (Groundball, 4S)
Bottom of the 6th over - 1 run, 2 hits, 0 errors, 2 left on base; Belvedere Park 4 - Ottawa 2
TOP OF THE 7TH
Belvedere Park Rawhides batting - Pitching for Ottawa Nationals : RHP Jesús Garces
Batting: RHB José Luque 0-0: Ground out 6-3 (Groundball, 6)
Batting: RHB Ed Jozwiak 0-0: Called Strike
0-1: Called Strike
0-2: Ball
1-2: Ball
2-2: Foul Ball, location: 2F
2-2: Foul Ball, location: 2F
2-2: Fly out, F3 (Popup, 3L)
Batting: SHB Manuel González 0-0: Called Strike
0-1: Reached on error, E5 (Groundball, 25)
Batting: RHB Jaime Cruz 0-0: Called Strike
Manuel González steals 2nd base
0-1: Swinging Strike
0-2: Ball
1-2: Foul Ball, location: 2F
1-2: Foul Ball, location: 2F
1-2: Foul Ball, location: 2F
1-2: Ball
2-2: Ground out 6-3 (Groundball, 56)
Top of the 7th over - 0 runs, 0 hits, 1 error, 1 left on base; Belvedere Park 4 - Ottawa 2
BOTTOM OF THE 7TH
Ottawa Nationals batting - Pitching for Belvedere Park Rawhides : LHP Claudio Avelardo
Batting: LHB Jesús Mancía 0-0: SINGLE (Flyball, 78S)
Batting: SHB Tristan Shanks 0-0: Swinging Strike
0-1: Called Strike
0-2: SINGLE (Groundball, 34D)
Jesús Mancía to second
Runner from 2nd tries for 3rd, SAFE, no throw
Batting: RHB Miguel González 0-0: Called Strike
0-1: Ball
1-1: Ball
2-1: Foul Ball, location: 2F
2-2: Foul Ball, location: 2F
2-2: DOUBLE (Flyball, 78D)
Jesús Mancía scores
Tristan Shanks to third
Batting: LHB Ken Stroud 0-0: Ball
1-0: Called Strike
1-1: Ball
2-1: Ball
3-1: Foul Ball, location: 2F
3-2: Foul Ball, location: 2F
3-2: Base on Balls
Batting: RHB Tomás Bermúdez 0-0: Ball
1-0: Foul Ball, location: 2F
1-1: DOUBLE (Line Drive, 7LM)
Tristan Shanks scores
Miguel González scores
Ken Stroud to third
Batting: RHB Ron Bernard 0-0: Intentional Walk
Pitching: RHP Arturio Sandolva
Batting: LHB José Gómez 0-0: Ball
1-0: Swinging Strike
1-1: Grounds into double play, 6-2-3 (Groundball, 6M)
Tomás Bermúdez to third
Ron Bernard to second
Batting: RHB Mike Jennings 0-0: Called Strike
0-1: Foul Ball, location: 2F
0-2: Ball
1-2: Ball
2-2: Foul Ball, location: 2F
2-2: Strikes out swinging
Bottom of the 7th over - 3 runs, 4 hits, 0 errors, 2 left on base; Belvedere Park 4 - Ottawa 5
TOP OF THE 8TH
Belvedere Park Rawhides batting - Pitching for Ottawa Nationals : RHP Jesús Garces
Batting: RHB Juan Chávez 0-0: Ball
1-0: Called Strike
1-1: Ball
2-1: Ball
3-1: Foul Ball, location: 2F
3-2: Base on Balls
Pitching: LHP Rubén Ruíz
Pinch Runner at 1st Ángel Costa:
Batting: LHB António Serrano 0-0: Ball
1-0: Foul Ball, location: 2F
1-1: Ball
2-1: Foul Ball, location: 2F
2-2: Grounds into double play, 5-4-3 (Groundball, 56)
Batting: RHB David Martínez 0-0: Called Strike
0-1: SINGLE (Line Drive, 6MD)
Batting: RHB Jorge Alcantar 0-0: Ball
1-0: Swinging Strike
1-1: Swinging Strike
1-2: Strikes out looking
Top of the 8th over - 0 runs, 1 hit, 0 errors, 1 left on base; Belvedere Park 4 - Ottawa 5
BOTTOM OF THE 8TH
Ottawa Nationals batting - Pitching for Belvedere Park Rawhides : RHP Arturio Sandolva
Now at 1B: Ángel Costa
Batting: RHB Juan Román 0-0: Ball
1-0: Fly out, F8 (Line Drive, 8LD)
Batting: LHB Jesús Mancía 0-0: Foul Ball, location: 2F
0-1: Foul Ball, location: 2F
0-2: Fly out, F8 (Flyball, 8LXD)
Batting: SHB Tristan Shanks 0-0: Ground out 6-3 (Groundball, 56D)
Bottom of the 8th over - 0 runs, 0 hits, 0 errors, 0 left on base; Belvedere Park 4 - Ottawa 5
TOP OF THE 9TH
Belvedere Park Rawhides batting - Pitching for Ottawa Nationals : LHP Rubén Ruíz
Now at SS: Jorge Cortés
Batting: RHB Harry Gibson 0-0: Ball
1-0: Fly out, F7 (Line Drive, 7)
Pinch Hitting: RHB Jesús Calderón 0-0: Called Strike
0-1: Ball
1-1: Swinging Strike
1-2: Foul Ball, location: 2F
1-2: Ball
2-2: Strikes out looking
Batting: RHB Ed Jozwiak 0-0: Swinging Strike
0-1: Swinging Strike
0-2: Foul Ball, location: 2F
0-2: Foul Ball, location: 2F
0-2: Strikes out swinging
Top of the 9th over - 0 runs, 0 hits, 0 errors, 0 left on base; Belvedere Park 4 - Ottawa 5
Tuesday, December 19th, 2017 - OOTP Baseball 18.8 Build 76